 Dungeon Crawl Stone Soup version 0.30-a0-576-g89cddaab80 (webtiles) character file.

Game seed: 3085407021792635412

4328 wormed the Covert (level 10, 0/53 HPs)
             Began as a Spriggan Hunter on Dec 30, 2022.
             Was a Follower of Okawaru.
             Slain by a fire bat (6 damage)
             ... on level 8 of the Dungeon.
             The game lasted 00:13:41 (9804 turns).

wormed the Covert (Spriggan Hunter)                 Turns: 9804, Time: 00:13:42

Health: 0/53       AC:  3    Str:  7    XL:     10   Next: 12%
Magic:  11/11      EV: 25    Int: 12    God:    Okawaru [*.....]
Gold:   501        SH:  0    Dex: 22    Spells: 9/9 levels left

rFire   . . .      SeeInvis +    a - +0 shortbow
rCold   . . .      Faith    .    (shield currently unavailable)
rNeg    . . .      Spirit   .    c - +0 robe
rPois   +          Reflect  .    (helmet restricted)
rElec   .          Harm     .    i - +0 cloak
rCorr   .          Rampage  .    (gloves unavailable)
Will    +....                    (boots unavailable)
Stlth   +++++                    w - amulet of the acrobat
HPRegen 0.28/turn                B - ring of poison resistance
MPRegen 0.12/turn                (no ring)

@: about to teleport, very quick
A: very small, no large weapons, unfitting armour, see invisible, speed 3
a: Renounce Religion, Heroism


You were on level 8 of the Dungeon.
You worshipped Okawaru.
Okawaru was aware of your devotion.
You visited 2 branches of the dungeon, and saw 9 of its levels.

You collected 501 gold pieces.

Inventory:

Hand Weapons
 a - a +0 shortbow (weapon)
Missiles
 E - a throwing net
Armour
 c - a +0 robe (worn)
 i - a +0 cloak (worn)
Jewellery
 w - an amulet of the acrobat (around neck)
 B - a ring of poison resistance (left hand)
Wands
 t - a wand of quicksilver (13)
 D - a wand of iceblast (8)
 F - a wand of mindburst (12)
Scrolls
 b - 3 scrolls of immolation
 g - 4 scrolls of fear {unknown}
 j - 2 scrolls of noise {unknown}
 k - 4 scrolls of teleportation
 m - a scroll of poison {unknown}
 n - 8 scrolls of identify {unknown}
 p - 2 scrolls of enchant armour {unknown}
 u - a scroll of summoning {unknown}
 x - 2 scrolls of enchant weapon {unknown}
 y - a scroll of acquirement {unknown}
 z - a scroll of fog {unknown}
 C - a scroll of silence {unknown}
Potions
 e - 3 potions of lignification {unknown}
 f - 3 potions of mutation {unknown}
 h - 2 potions of flight {unknown}
 l - 3 potions of haste {unknown}
 o - 3 potions of ambrosia
 q - 2 potions of brilliance {unknown}
 r - 2 potions of attraction {unknown}
 s - 2 potions of heal wounds {unknown}
 v - 3 potions of invisibility {unknown}
 A - 2 potions of might {unknown}


   Skills:
 + Level 5.7 Fighting
 * Level 10.2 Ranged Weapons
 + Level 9.1 Dodging
 + Level 10.3 Stealth


You had 9 spell levels left.
You didn't know any spells.
Your spell library contained the following spells:

 Spells                   Type           Power      Damage    Failure   Level
 Freeze                   Ice            0%         1d3       32%         1
 Ensorcelled Hibernation  Hex/Ice        0%         N/A       45%         2
 Passwall                 Tmut/Erth      0%         N/A       45%         2
 Frozen Ramparts          Ice            0%         1d1       69%         3
 Hailstorm                Conj/Ice       0%         3d3       69%         3
 Inner Flame              Hex/Fire       0%         N/A       69%         3
 Swiftness                Air            0%         N/A       69%         3
 Flame Wave               Conj/Fire      0%         2d4       97%         4
 Sticky Flame             Conj/Fire      0%         2d3       97%         4


Dungeon Overview and Level Annotations

Branches:
Dungeon (8/15)             Temple (1/1) D:4
   Lair: D:8-11

Altars:
Ashenzari
Cheibriados
Dithmenos
Elyvilon
Gozag
Hepliaklqana
Kikubaaqudgha
Makhleb
Nemelex Xobeh
Okawaru
Qazlal
Ru
Sif Muna
Trog
Uskayaw
Vehumet
Wu Jian
Xom
Yredelemnul
Zin
The Shining One

Annotations:
D:3 Grinder
D:8 1 runed translucent door


Innate Abilities, Weirdness & Mutations

You are very small and have problems with some larger weapons.
You are too small for most types of armour.
You have supernaturally acute eyesight. (SInv)
You cover ground extremely quickly. (Speed+++)


Message History

The megabat completely misses you. The megabat closely misses you.
You shoot an arrow. The arrow hits the megabat!
You kill the megabat!
The fire bat misses you.
You shoot an arrow. The arrow hits the fire bat.
The fire bat is lightly wounded.
The fire bat bites you.
You are engulfed in flames!
The fire bat misses you.
You shoot an arrow. The arrow closely misses the fire bat.
The arrow hits the fire bat.
The fire bat is moderately wounded.
The fire bat closely misses you.
You shoot an arrow. The arrow closely misses the fire bat.
The arrow hits the fire bat!
The fire bat is almost dead.
The fire bat misses you. The fire bat bites you.
You are engulfed in flames!
The fire bat completely misses you. x2
You shoot an arrow. The arrow barely misses the fire bat.
The fire bat bites you.
You are engulfed in flames!
The fire bat completely misses you. The fire bat barely misses you.
You shoot an arrow. The arrow closely misses the fire bat.
The fire bat completely misses you. x3
You shoot an arrow. The arrow closely misses the fire bat.
The fire bat barely misses you. The fire bat completely misses you.
The fire bat bites you.
You are engulfed in flames!
* * * LOW HITPOINT WARNING * * *
You feel better. The fire bat bites you.
You are engulfed in flames!
* * * LOW HITPOINT WARNING * * *
The fire bat misses you. The fire bat bites you.
* * * LOW HITPOINT WARNING * * *
You are engulfed in flames.
* * * LOW HITPOINT WARNING * * *
You feel better. The fire bat completely misses you. The fire bat misses you.
The fire bat barely misses you. x2; The fire bat completely misses you.
As you read the scroll labelled SEGREA UNEBY, it crumbles to dust.
You feel strangely unstable.
It was a scroll of teleportation.
The fire bat completely misses you. The fire bat misses you.
The fire bat barely misses you. The fire bat bites you.
* * * LOW HITPOINT WARNING * * *
You are engulfed in flames.
You die...

.......# #..# #b# ##...###.#
'#'#'#'# ##.# #.###.....##.#
.#.#_#.# #[#####.##.......#.##
#############.......#............
....................'............
........########.####.........##.
..####### #8.8# ####.....###. .##
##b## ##...## #. .# #@# ##### ##
.# ##b## .# #+##bbb##+# .#
#...bbb...## ## #..###'###..#+ #
#.. ... ##..## .W# #.. ..†..
##..###..... ..
..._...+..bbb.b.⌠b. #
#.......##..###bbb..


You could see 4 fire bats and 4 megabats.

Vanquished Creatures
  3 yaks (D:8)
  Eustachio (D:6)
  Menkaure (D:5)
  A water moccasin (D:7)
  3 sky beasts
  Duvessa (D:7)
  2 orc warriors
  A black bear (D:4)
  3 ogres
  2 centaurs (D:6)
  A phantom (D:5)
  A kobold brigand (D:7)
  3 necrophages
  A bullfrog (D:7)
  4 scorpions
  A wyvern zombie (D:8)
  5 wights (D:8)
  Dowan (D:7)
  3 killer bees (D:7)
  4 howler monkeys (D:7)
  A gnoll bouda (D:6)
  5 hounds
  10 orc priests
  2 centaur zombies (D:8)
  A jelly (D:3)
  Crazy Yiuf (D:3)
  A human zombie (D:8)
  3 iguanas
  4 orc wizards
  4 killer bee zombies (D:8)
  A mummy (D:8)
  A howler monkey zombie (D:8)
  7 adders
  8 gnolls
  3 shadow imps
  2 white imps
  2 ufetubi
  3 worms
  4 dart slugs
  27 orcs
  4 endoplasms
  2 giant cockroaches
  7 goblins
  6 hobgoblins
  11 kobolds
  5 quokkas
  4 ball pythons
  12 bats
  3 frilled lizards
  3 rats
189 creatures vanquished.

Notes
Turn   | Place    | Note
-------+----------+-------------------------------------------
     0 | D:1      | wormed the Spriggan Hunter began the quest for the Orb.
     0 | D:1      | Reached XP level 1. HP: 10/10 MP: 2/2
    96 | D:1      | Reached XP level 2. HP: 15/15 MP: 3/3
   872 | D:2      | Reached XP level 3. HP: 18/18 MP: 4/4
  1352 | D:3      | Reached XP level 4. HP: 23/23 MP: 5/5
  1481 | D:3      | Noticed Grinder
  1813 | D:3      | Found a runed translucent door.
  1814 | D:3      | Noticed Crazy Yiuf
  1922 | D:3      | Reached skill level 5 in Ranged Weapons
  1951 | D:3      | Reached XP level 5. HP: 9/27 MP: 6/6
  2368 | D:4      | Found an opulent altar of Gozag.
  2442 | D:4      | Noticed a black bear
  2527 | D:4      | Killed a black bear
  2528 | D:4      | Reached XP level 6. HP: 31/32 MP: 7/7
  2705 | D:4      | Found a staircase to the Ecumenical Temple.
  2715 | Temple   | Entered the Ecumenical Temple
  3095 | D:4      | Noticed a sky beast
  3192 | D:5      | Entered Level 5 of the Dungeon
  3219 | D:4      | Reached skill level 5 in Stealth
  3398 | D:4      | Killed a sky beast
  3399 | D:4      | Reached skill level 5 in Dodging
  3399 | D:4      | Reached XP level 7. HP: 27/36 MP: 8/8
  3995 | D:5      | Reached XP level 8. HP: 32/42 MP: 9/9
  4077 | D:5      | Found an ancient bone altar of Kikubaaqudgha.
  4112 | D:5      | Noticed Menkaure
  4704 | D:6      | Found a shimmering altar of Xom.
  5040 | D:6      | Found a broken altar of Ashenzari.
  5091 | D:6      | Noticed Eustachio
  5101 | D:6      | Killed Eustachio
  5665 | D:5      | Found a hazy altar of Hepliaklqana.
  5733 | D:5      | Killed Menkaure
  5734 | D:5      | Reached XP level 9. HP: 46/46 MP: 10/10
  5982 | D:4      | Found a shimmering blue altar of Sif Muna.
  5983 | D:4      | Found a hide-covered altar of Uskayaw.
  6223 | D:3      | Killed Crazy Yiuf
  6560 | D:7      | Noticed Duvessa
  6561 | D:7      | Noticed Dowan
  6631 | D:7      | Killed Duvessa
  6718 | D:7      | Killed Dowan
  6878 | D:7      | Identified the +1 leather armour of Gebreh {Will++ rCorr
                  | Int-2}
  6893 | D:7      | Reached skill level 5 in Fighting
  7591 | D:8      | Found an iron altar of Okawaru.
  7600 | D:8      | Became a worshipper of Warmaster Okawaru
  8136 | D:8      | Identified the +8 mace of the Ancients {spect, *Rage Str-3
                  | Int+2 Dex+7}
  8538 | D:8      | Found a runed translucent door.
  9020 | D:8      | Reached * piety under Okawaru
  9021 | D:8      | Reached skill level 10 in Stealth
  9213 | D:8      | Reached skill level 10 in Ranged Weapons
  9287 | D:8      | Reached XP level 10. HP: 51/51 MP: 11/11
  9663 | D:8      | Found a basalt altar of Yredelemnul.
  9786 | D:8      | Found a glowing silver altar of Zin.
  9802 | D:8      | HP: 2/53 [fire bat (5)]
  9804 | D:8      | Slain by a fire bat

Illustrated notes

Levels and vault maps discovered:
D:1:      minmay_arrival_plants_in_alcoves, layout_basic, minivault_25,
          roderic_filled_cross
D:2:      layout_basic, minmay_door_square, kennysheep_flooded_box,
          kennysheep_generic_room_14
D:3:      minmay_chambers_of_threes, layout_rooms, uniq_crazy_yiuf_cottage,
          uniq_grinder
D:4:      layout_basic, chequers_temple_overflow_statue_of_worship,
          mainiacjoe_overflow_paths, minmay_temple_entry_glassed_door
D:5:      minmay_chambers_of_fours, layout_basic, nzn_hepliaklqana_mist_gate,
          marbit_many_paths, uniq_menkaure
D:6:      layout_basic, xom_butterflies, mainiacjoe_overflow_24_doors,
          uniq_eustachio
D:7:      layout_cave_pods, uniq_duvessa
D:8:      due_megacathedral, layout_loops_corners,
          lemuel_mausoleum_altar_yredelemnul, okawaru_ov_weapons_minmay
Temple:   nicolae_temple_ecumenical_triangle

Skill      XL: |  1  2  3  4  5  6  7  8  9 10 |
---------------+-------------------------------+-----
Stealth        | 2 3 4 5 6 8 10 | 10.3
Dodging        | 3 4 5 6 7 8 9 |  9.1
Fighting       | 2 3 4 5 |  5.7
Ranged Weapons | 5 6 7 8 10 | 10.2

Action                   |  1- 3 |  4- 6 |  7- 9 | 10-12 || total
-------------------------+-------+-------+-------+-------++-------
 Fire: Shortbow          |    75 |   162 |   550 |   112 ||   899
  Use: Potion            |       |       |     5 |     2 ||     7
       Scroll            |       |       |       |     1 ||     1
Armor: Robe              |     2 |     6 |    17 |    13 ||    38
Dodge: Dodged            |    27 |    60 |   298 |   124 ||   509

Table legend: (Time is in decaauts)
 A = Elapsed time spent in this place.
 B = Non-inter-level travel time spent in this place.
 C = Inter-level travel time spent in this place.
 D = Time resting spent in this place.
 E = Time spent auto-exploring this place.
 F = Levels seen in this place.
 G = Mean time per level.
                   A        B        C        D        E       F      G
               +--------+--------+--------+--------+--------+-----+--------+
         Total |   7118 |   6738 |    380 |    282 |   4605 |   9 |  790.9 |
       Dungeon |   7042 |   6664 |    378 |    282 |   4589 |   8 |  880.2 |
        Temple |     75 |     73 |      2 |      0 |     16 |   1 |   75.0 |
               +--------+--------+--------+--------+--------+-----+--------+

Top non-repeatable levels by time:
     D:8: 1361 daAuts
     D:7: 1218 daAuts
     D:6: 1035 daAuts
     D:5: 963 daAuts
     D:4: 785 daAuts
     D:3: 734 daAuts
     D:1: 490 daAuts
     D:2: 453 daAuts
  Temple: 75 daAuts
